 Dungeon Crawl Stone Soup version 0.21.1-1-g345015f (webtiles) character file.

2 Mgcat the Skirmisher (level 1, 0/18 HPs)
             Began as a Human Berserker on Mar 2, 2018.
             Was a Follower of Trog.
             Slain by a goblin (4 damage)
             ... on level 1 of the Dungeon.
             The game lasted 00:00:13 (15 turns).

Mgcat the Skirmisher (Human Berserker)                Turns: 15, Time: 00:00:14

Health: 0/18       AC:  2    Str: 17    XL:     1   Next: 44%
Magic:  1/1        EV: 12    Int:  7    God:    Trog [*.....]
Gold:   0          SH:  0    Dex: 12    Spells: 0/0 levels left

rFire    . . .     SeeInvis .   a - +0 hand axe
rCold    . . .     Gourm    .   (no shield)
rNeg     . . .     Faith    .   b - +0 animal skin
rPois    .         Spirit   .   (no helmet)
rElec    .         Reflect  .   (no cloak)
rCorr    .         Harm     .   (no gloves)
MR       .....                  (no boots)
Stlth    +.........             (no amulet)
HPRegen  0.06/turn              (no ring)
MPRegen  0.07/turn              (no ring)

@: berserk cooldown, slowed, very slow
A: no striking features
a: Berserk, Burn Spellbooks, Renounce Religion


You were on level 1 of the Dungeon.
You worshipped Trog.
Trog was aware of your devotion.
You were not hungry.

You visited 1 branch of the dungeon, and saw 1 of its levels.

Inventory:

Hand Weapons
 a - a +0 hand axe (weapon)
Armour
 b - a +0 animal skin (worn)
Comestibles
 c - a ration


   Skills:
 + Level 3.1 Fighting
 + Level 3.1 Axes
 - Level 2.0 Armour
 - Level 2.0 Dodging


You couldn't memorise any spells.
You didn't know any spells.

Dungeon Overview and Level Annotations

Branches:
Dungeon (1/15)

Altars:


Message History

Welcome, Mgcat the Human Berserker.
Will you prevail where others failed? Will you find the Orb of Zot?
Trog says: Kill them all!
Press ? for a list of commands and other information.
Found an escape hatch in the floor.
Found a staircase leading out of the dungeon.
Lua error: attempt to yield across metamethod/C-call boundary You open the door.
There is an open door here. 2 hobgoblins come into view.
The hobgoblin shouts! x2; You hear a shout! x2
A goblin and a hobgoblin come into view.
There is an open door here.
There is a staircase leading out of the dungeon here.
A red film seems to cover your vision as you go berserk!
You feel yourself moving faster!
You feel mighty!
You feel a lot more hungry. The hobgoblin barely misses you.
You slash the hobgoblin!
You kill the hobgoblin!
Trog accepts your kill. The hobgoblin hits you. The goblin hits you.
There is an open door here.
Things that are here:
a club; a hobgoblin corpse You closely miss the hobgoblin.
You hit the hobgoblin.
You kill the hobgoblin!
Trog accepts your kill.
You barely miss the goblin. The hobgoblin hits you with a club.
The goblin hits you.
You are too injured to fight recklessly!
You are too injured to fight recklessly!
You are too injured to fight recklessly!
You are too injured to fight recklessly!
There is a staircase leading out of the dungeon here.
You are too injured to fight recklessly!
You feel a strong urge to attack something.
The goblin hits you.
The hobgoblin hits you but does no damage.
There is an open door here.
Things that are here:
a club; a hobgoblin corpse You are too injured to fight recklessly!
The goblin hits you. The hobgoblin hits you with a club.
You are too injured to fight recklessly!
You feel your anger nearly subside.
You are no longer berserk.
You are exhausted.
You feel yourself slow down. The hobgoblin hits you with a club.
* * * LOW HITPOINT WARNING * * *
The hobgoblin hits you but does no damage.
A giant cockroach comes into view.
You hit the hobgoblin but do no damage. You hit the goblin but do no damage.
The goblin closely misses you. The hobgoblin barely misses you.
The goblin hits you.
* * * LOW HITPOINT WARNING * * *
You hit the hobgoblin.
The hobgoblin is heavily wounded.
You hit the goblin. The hobgoblin barely misses you. The goblin hits you.
You die...

##++#
##....##
#......#
#.8....##
........#
.8......#
#..@#
####gg#
+><)..+
####s.#
...#
..8.#
.)...#
...8.##
......#


You could see a giant cockroach, a hobgoblin and a goblin.

Vanquished Creatures
  2 hobgoblins (D:1)
2 creatures vanquished.

Notes
Turn   | Place    | Note
-------+----------+-------------------------------------------
     0 | D:1      | Mgcat the Human Berserker began the quest for the Orb.
     0 | D:1      | Reached XP level 1. HP: 18/18 MP: 1/1
    13 | D:1      | HP: 4/18 [hobgoblin/club (3)]
    15 | D:1      | Slain by a goblin

Action                   || total
-------------------------++-------
Melee: Hand axe          ||     4
Invok: Berserk           ||     1
Armor: Animal skin       ||     1
Dodge: Dodged            ||     4

Vault maps used:
D:1:      dpeg_arrival_refuge

Table legend:
 A = Turns spent in this place as a percentage of turns spent in the entire game.
 B = Non-inter-level travel turns spent in this place as a percentage of non-inter-level travel turns spent in the entire game.
 C = Inter-level travel turns spent in this place as a percentage of turns spent in this place.
 D = Turns resting spent in this place as a percentage of non-inter-level travel turns spent in this place.
 E = Turns spent auto-exploring this place as a percentage of non-inter-level travel turns spent in this place.
 F = Non-inter-level travel turns spent in this place divided by the number of levels of this place that you've seen.
                   A       B       C       D       E      F
               +-------+-------+-------+-------+-------+----------------------
         Total | 100.0 | 100.0 |   0.0 |   0.0 |  13.3 |  15.0
       Dungeon | 100.0 | 100.0 |   0.0 |   0.0 |  13.3 |  15.0
               +-------+-------+-------+-------+-------+----------------------

Table legend:
 A = Kills in this place as a percentage of kills in entire the game.
 B = Kills by you in this place as a percentage of kills by you in the entire game.
 C = Kills by friends in this place as a percentage of kills by friends in the entire game.
 D = Other kills in this place as a percentage of other kills in the entire game.
 E = Experience gained in this place as a percentage of experience gained in the entire game.
 F = Experience gained in this place divided by the number of levels of this place that you have seen.
                   A       B       C       D       E      F
               +-------+-------+-------+-------+-------+----------------------
         Total | 100.0 | 100.0 |   N/A |   N/A | 100.0 |   4.0
       Dungeon | 100.0 | 100.0 |   N/A |   N/A | 100.0 |   4.0
               +-------+-------+-------+-------+-------+----------------------
